 Dungeon Crawl Stone Soup version 0.31.0-12-g77e489cdc1 (webtiles) character file.

Game seed: 12302860594622249701

89 Gadfly the Covered (level 4, -1/55 HPs)
             Began as an Armataur Fighter on Feb 28, 2024.
             Succumbed to Robin's poison
             ... on level 3 of the Dungeon.
             The game lasted 00:04:12 (1527 turns).

Gadfly the Covered (Armataur Fighter)               Turns: 1527, Time: 00:04:13

Health: -1/55      AC: 22    Str: 22    XL:     4   Next: 31%
Magic:  5/5        EV:  1    Int:  8    God:
Gold:   104        SH:  0    Dex: 11    Spells: 3/3 levels left

rFire   . . .        a - +0 flail
rCold   . . .        c - +0 buckler
rNeg    . . .        b - melded +0 scale mail
rPois   +            (helmet currently unavailable)
rElec   .            n - melded +0 cloak
rCorr   .            f - melded +0 pair of gloves
SInv    .            (no barding)
Will    .....        (no amulet)
Stlth   +            (no ring)
HPRegen 0.29/turn    (no ring)
MPRegen 0.09/turn

%: roll
@: confused, lethally poisoned (-1 -> -20), tree-form
A: stationary, stasis, torment immunity, boosted hp, large, (deformed body),
(tough skin 3), (armoured tail), roll 1
a: no special abilities


You were on level 3 of the Dungeon.
You were a tree.
You visited 1 branch of the dungeon, and saw 3 of its levels.

You collected 104 gold pieces.

Inventory:

Hand Weapons
 a - a +0 flail (weapon)
Armour
 b - a +0 scale mail (melded)
 c - a +0 buckler (worn)
 f - a +0 pair of gloves (melded)
 n - a +0 cloak (melded)
Wands
 i - a wand of paralysis (13)
Scrolls
 e - a scroll of poison
 h - a scroll of identify
Potions
 d - a potion of might


   Skills:
 + Level 2.9 Fighting
 * Level 2.4 Maces & Flails
 + Level 4.0 Armour
 + Level 3.5 Shields
 * Level 1.8 Invocations
 * Level 1.7 Evocations


You had 3 spell levels left.
You didn't know any spells.
Your spell library contained the following spells:

 Spells                   Type           Power      Damage    Failure   Level
 Apportation              Tloc           0%         N/A       47%         1
 Necrotise                Necr           0%         1d4       47%         1
 Sting                    Conj/Alch      0%         1d3       47%         1
 Summon Small Mammal      Summ           0%         N/A       47%         1
 Frozen Ramparts          Ice            0%         1d1       85%         3
 Leda's Liquefaction      Alch/Erth      0%         N/A       99%         4
 Petrify                  Alch/Erth      0%         N/A       99%         4
 Metabolic Englaciation   Hex/Ice        0%         N/A       100%        5


Dungeon Overview and Level Annotations

Branches:
Dungeon (3/15)

Altars:

Annotations:
D:3 Ijyb, Robin


Innate Abilities, Weirdness & Mutations

You are a tree.
Your roots penetrate the ground, keeping you stationary.
You cannot be teleported.
You are immune to unholy pain and torment.
Your maximum health is greatly increased.
Your equipment is partially melded.
((Armour fits poorly on your strangely shaped body.))
((You have extremely tough skin. (AC +3)))
((You have a long armoured tail.))
You regenerate magic when rolling toward enemies. (Rampage MPRegen)


Message History

You bump into the rock wall.
You feel very sick.
You hear some strange, mumbled words.
You are more confused.
Ijyb zaps a wand.
You shrug off the repeated paralysis!
Robin says, "Duck!"
Robin hits you but does no damage.
You are lethally poisoned!
You miss the goblin.
* * * LOW HITPOINT WARNING * * *
You feel very sick. Something hits you but does no damage.
Ijyb zaps a wand.
You resist with some effort. Robin hits you but does no damage.
You are more poisoned.
The goblin hits you with a +0 club.
* * * LOW HITPOINT WARNING * * *
You turn into a tree.
Your +0 cloak melds into your body.
Your +0 pair of gloves melds into your body.
Your +0 scale mail melds into your body.
Your roots penetrate the ground.
* * * LOW HITPOINT WARNING * * *
You feel very sick.
You hear some strange, mumbled words.
You are more confused.
Ijyb screams, "You nasty!
Big nasty!"
Ijyb hits you but does no damage. Robin throws the goblin at you!
The goblin hits you but does no damage.
Unknown command.
Okay, then.
Sorry, you're not good enough to have a special ability.
You are too confused!
You are too confused!
Okay, then.
You cannot move. (Use ctrl+direction or * direction to attack while stationary and confused.)
You cannot move. (Use ctrl+direction or * direction to attack while stationary and confused.)
You cannot move. (Use ctrl+direction or * direction to attack while stationary and confused.)
You cannot move. (Use ctrl+direction or * direction to attack while stationary and confused.)
You cannot move. (Use ctrl+direction or * direction to attack while stationary and confused.)
You hit Ijyb but do no damage.
You die... go og

.. .## .# ..# ####+###
!##.## ##### #......#
.)..# ..<.# #......#
#g..## ....#
#......####{...##
....###........g♣g....#
##....'.......###g..>##
######.........#....#
#.......##.###....#
#.......##...#.#.....
#######......<.......
####.....#.....
#.##..### ## #.. .##


You could see Ijyb, Robin and 2 goblins.

Vanquished Creatures
  Crazy Yiuf (D:2)
  An adder (D:2)
  2 dart slugs (D:1)
  A ribbon worm (D:2)
  4 ball pythons
  An endoplasm (D:1)
  2 giant cockroaches
  A goblin (D:1)
  7 hobgoblins
  7 jackals (D:1)
  A kobold (D:1)
  2 quokkas (D:1)
  4 bats
  3 frilled lizards
  6 rats
43 creatures vanquished.

Notes
Turn   | Place    | Note
-------+----------+-------------------------------------------
     0 | D:1      | Gadfly the Armataur Fighter began the quest for the Orb.
     0 | D:1      | Reached XP level 1. HP: 18/18 MP: 1/1
    79 | D:1      | Reached XP level 2. HP: 15/25 MP: 2/2
   255 | D:1      | Reached skill level 1 in Evocations
   258 | D:1      | Reached skill level 1 in Invocations
   265 | D:1      | Reached XP level 3. HP: 26/30 MP: 3/3
   875 | D:2      | Found a runed translucent door.
   876 | D:2      | Noticed Crazy Yiuf
  1366 | D:2      | Killed Crazy Yiuf
  1367 | D:2      | Reached skill level 4 in Armour
  1367 | D:2      | Reached XP level 4. HP: 23/37 MP: 5/5
  1517 | D:3      | Noticed Ijyb
  1518 | D:3      | Noticed Robin
  1521 | D:3      | Paralysed by Ijyb for 2 turns
  1527 | D:3      | Succumbed to Robin's poison

Illustrated notes

Levels and vault maps discovered:
D:1:      dpeg_arrival_pond, layout_rooms, minmay_heptomino_h4
D:2:      layout_loops_cross, minmay_misc_feat_hallway, uniq_crazy_yiuf_cottage
D:3:      layout_basic, nicolae_concentric_dashed_squares_wild,
          nicolae_goblin_pals

Skill      XL: |  1  2  3 |
---------------+----------+-----
Maces & Flails | 2 |  2.4
Evocations     | 1 |  1.7
Invocations    | 1 |  1.8
Armour         | 4 |  4.0
Fighting       | |  2.9
Shields        | |  3.5

Action                     |  1- 3 |  4- 6 || total
---------------------------+-------+-------++-------
  Melee: Flail             |   126 |    12 ||   138
         Tailslap          |    14 |       ||    14
    Use: Scroll            |     4 |     4 ||     8
         Potion            |       |     1 ||     1
 Armour: Scale mail        |   143 |    16 ||   159
         Skin              |       |     3 ||     3
  Dodge: Dodged            |    65 |     4 ||    69
  Block: Buckler           |    31 |     3 ||    34
